[Event "Titled Tuesday Blitz February 21 Early 2023"]
[White "Shubin, Daniel"]
[Black "Csonka, Balazs"]
[WhiteFideId "30936470"]
[BlackFideId "742910"]
[WhiteElo "2231"]
[BlackElo "2496"]
[Result "0-1"]
[Round "02"]
[TimeControl "180+2"]
[Date "2023.02.21"]
[WhiteClock "0:00:14"]
[BlackClock "0:00:06"]

1. e4 d6 2. d4 Nf6 3. Nc3 g6 4. Bc4 Bg7 5. Nf3 O-O 6. O-O Bg4 7. h3 Bxf3 8. Qxf3 Nc6 9. Be3 Nd7 10. Rad1 e5 11. dxe5 Ndxe5 12. Qe2 Nxc4 13. Qxc4 Re8 14. f3 Ne5 15. Qb3 b6 16. Bd4 Bh6 17. Nd5 c6 18. Nb4 Qc7 19. Be3 Bf8 20. Nd3 Nd7 21. Nf4 d5 22. exd5 Rxe3 23. Qxe3 Bc5 24. Rd4 Nf6 25. b4 Re8 26. Qd3 Bxd4+ 27. Qxd4 Nxd5 28. Nxd5 cxd5 29. c3 Qc6 30. Rd1 Re2 31. a4 Qxa4 32. Qxd5 Qc2 33. Qd8+ Kg7 34. Qd4+ f6 35. Qd6 Rxg2+ 36. Kh1 Rh2+ 37. Qxh2 Qxd1+ 38. Kg2 Qd2+ 39. Kg3 Qxh2+ 40. Kxh2 Kf7 41. Kg3 Ke6 42. h4 Kd5 43. Kg4 Kc4 44. h5 Kxc3 45. f4 Kxb4 46. f5 g5 47. Kf3 Kc5 48. Ke4 a5 49. Kd3 Kd5 50. Kc2 Ke5 51. Kb3 Kxf5 52. Ka4 Kg4 53. Kb5 Kxh5 54. Ka4 Kg4 55. Kb5 f5 56. Ka4 f4 0-1


[Site "https://www.chess.com"]

[Event "Titled Tuesday Blitz February 21 Early 2023"]
[White "Averjanov, Alexey"]
[Black "Krzywda, Andrzej"]
[WhiteFideId "14109867"]
[BlackFideId "1114565"]
[WhiteElo "2399"]
[BlackElo "2223"]
[Result "1-0"]
[Round "02"]
[TimeControl "180+2"]
[Date "2023.02.21"]
[WhiteClock "0:00:53"]
[BlackClock "0:00:08"]

1. d4 d5 2. c4 c6 3. e3 Nf6 4. Bd3 dxc4 5. Bxc4 b5 6. Bd3 a6 7. Nf3 e6 8. O-O c5 9. b3 Bb7 10. Qe2 Nbd7 11. Rd1 Qb6 12. Bb2 Rc8 13. Nbd2 Be7 14. a4 Bc6 15. axb5 axb5 16. e4 Qb7 17. e5 Nd5 18. Be4 Nf4 19. Qe3 Nd5 20. Qe1 O-O 21. Rac1 c4 22. bxc4 bxc4 23. Ba1 c3 24. Nf1 Ba3 25. Rb1 Qa8 26. Ng3 Nf4 27. Bxc3 Bxe4 28. Nxe4 Qd5 29. Bb4 Bxb4 30. Rxb4 Rc2 31. Qe3 Re2 32. Qxf4 Rxe4 33. Qd2 Rc8 34. h3 h6 35. Qd3 Nf8 36. g3 Ng6 37. Nd2 Rxe5 38. Nf3 Rf5 39. Rb3 Rd8 40. Kh2 Qd7 41. Qe4 Rd5 42. Rdb1 Kh7 43. h4 Kg8 44. Rb7 Qe8 45. Ra7 Ne7 46. Rbb7 R5d7 47. Ne5 Rxb7 48. Qxb7 Qf8 49. Qxe7 Qxe7 50. Rxe7 Rxd4 51. Nxf7 Rd2 52. Kg2 Kf8 53. Ra7 Re2 54. Nd6 Kg8 55. Nc4 Kh7 56. Ne3 Rb2 57. Ra6 e5 58. Ra5 e4 59. Ra4 h5 60. Rxe4 g6 61. Nd5 Kh6 62. Nf4 g5 63. Re6+ Kg7 64. hxg5 h4 65. gxh4 Kf7 66. Rf6+ Kg7 67. h5 Kh7 68. h6 Kg8 69. g6 Rb8 70. Ne6 Kh8 71. Rf8+ Rxf8 72. Nxf8 Kg8 73. Ne6 Kh8 74. f4 Kg8 75. f5 Kh8 76. f6 Kg8 77. f7+ Kh8 78. f8=Q# 1-0


[Site "https://www.chess.com"]

[Event "Titled Tuesday Blitz February 21 Early 2023"]
[White "Delgado Rosas, Fatima Alexandra"]
[Black "Katz, Alexander"]
[WhiteFideId "6603963"]
[BlackFideId "2039796"]
[WhiteElo "1500"]
[BlackElo "2470"]
[Result "1-0"]
[Round "02"]
[TimeControl "180+2"]
[Date "2023.02.21"]
[WhiteClock "0:00:24"]
[BlackClock "0:00:04"]

1. d4 Nf6 2. c4 e6 3. Nc3 d5 4. Bg5 c6 5. e3 Be7 6. Nf3 Nbd7 7. Qc2 O-O 8. cxd5 cxd5 9. Bb5 Nb6 10. O-O a6 11. Bd3 Bd7 12. Rfc1 h6 13. Bh4 Rc8 14. b3 Na8 15. Qe2 b5 16. Ne5 Nb6 17. f4 Ne8 18. Bxe7 Qxe7 19. Nd1 Rxc1 20. Rxc1 Qa3 21. Rc2 Nd6 22. Nc3 Rc8 23. Nb1 Qb4 24. Kf2 Be8 25. Rxc8 Nbxc8 26. Qc2 f6 27. Nc6 Bxc6 28. Qxc6 Qa5 29. a3 Qd8 30. a4 bxa4 31. bxa4 Ne7 32. Qxa6 e5 33. dxe5 fxe5 34. fxe5 Ne4+ 35. Bxe4 dxe4 36. Qe6+ Kh8 37. Qd6 Qf8+ 38. Ke2 Qf7 39. e6 Qh5+ 40. Kd2 Qa5+ 41. Nc3 Nf5 42. Qb8+ Kh7 43. Qb5 Qd8+ 44. Qd5 Qg5 45. Qxe4 Qd8+ 46. Qd3 Qg5 47. Qe4 Qd8+ 48. Nd5 g6 49. e7 Qa5+ 50. Ke2 Qa6+ 51. Kf2 Qa5 52. Nb4 Qxa4 53. e8=Q 1-0


[Site "https://www.chess.com"]

[Event "Titled Tuesday Blitz February 21 Early 2023"]
[White "Skliarov, Viktor"]
[Black "Lucassen, Mickey"]
[WhiteFideId "14106736"]
[BlackFideId "12919110"]
[WhiteElo "2383"]
[BlackElo "2023"]
[Result "1-0"]
[Round "02"]
[TimeControl "180+2"]
[Date "2023.02.21"]
[WhiteClock "0:01:35"]
[BlackClock "0:00:40"]

1. e4 c5 2. Nf3 d6 3. d4 cxd4 4. Qxd4 Nc6 5. Bb5 Bd7 6. Bxc6 Bxc6 7. Nc3 Nf6 8. Bg5 e6 9. O-O-O Be7 10. Rhe1 O-O 11. Kb1 Qc7 12. Qd2 b5 13. Nd4 b4 14. Ncb5 Bxb5 15. Nxb5 Qc5 16. Nxd6 Bxd6 17. Bxf6 gxf6 18. Qxd6 Qxf2 19. Rf1 Qh4 20. Qxb4 Rab8 21. Qc3 Qxe4 22. Qxf6 Rbc8 23. Rd3 1-0


[Site "https://www.chess.com"]

[Event "Titled Tuesday Blitz February 21 Early 2023"]
[White "I_KID_you_not"]
[Black "Stijve, Theo"]
[BlackFideId "1331132"]
[WhiteElo "2364"]
[BlackElo "2351"]
[Result "0-1"]
[Round "02"]
[TimeControl "180+2"]
[Date "2023.02.21"]
[WhiteClock "0:01:06"]
[BlackClock "0:01:17"]

1. e4 c5 2. Nc3 a6 3. Nge2 b5 4. g3 Bb7 5. Bg2 e6 6. d4 cxd4 7. Nxd4 Nf6 8. O-O b4 9. Na4 Nxe4 10. Re1 Nc5 11. c4 Bxg2 12. Kxg2 Nc6 13. Nxc6 dxc6 14. Qf3 Rc8 15. Rd1 Qa5 16. Nxc5 Bxc5 17. Bf4 O-O 18. Rd7 Bb6 19. a3 bxa3 20. Rxa3 Qc5 21. Qd3 Qxf2+ 22. Kh3 Rcd8 23. Rxa6 Rxd7 24. Qxd7 Qf1+ 25. Kh4 Bd8+ 26. Kg4 h5+ 0-1


[Site "https://www.chess.com"]

[Event "Titled Tuesday Blitz February 21 Early 2023"]
[White "Andreev, Eduard"]
[Black "Matveeva, Olga"]
[WhiteFideId "14103400"]
[BlackFideId "24107018"]
[WhiteElo "2413"]
[BlackElo "2128"]
[Result "1-0"]
[Round "02"]
[TimeControl "180+2"]
[Date "2023.02.21"]
[WhiteClock "0:00:09"]
[BlackClock "0:00:06"]

1. e4 e6 2. d4 d5 3. Nc3 Nf6 4. Bg5 Bb4 5. e5 h6 6. Bd2 Bxc3 7. bxc3 Ne4 8. Bd3 Nxd2 9. Qxd2 c5 10. f4 Nc6 11. Nf3 Bd7 12. Rb1 b6 13. O-O Ne7 14. dxc5 bxc5 15. c4 d4 16. Be4 Bc6 17. Qd3 O-O 18. Bxc6 Nxc6 19. Qe4 Qc7 20. Ne1 Rab8 21. Nd3 Ne7 22. Rb5 Rxb5 23. cxb5 c4 24. Nb4 Qc5 25. Nc6 Nxc6 26. bxc6 d3+ 27. Kh1 dxc2 28. Rc1 Rc8 29. Rxc2 Qxc6 30. Qxc6 Rxc6 31. Rc3 Kf8 32. Kg1 Ke7 33. Kf2 Kd7 34. Ke3 Rc5 35. Kd4 Rd5+ 36. Kxc4 Kc6 37. Ra3 Kb6 38. Rb3+ Kc6 39. Ra3 Kb6 40. Rb3+ Kc6 41. Kc3 Rc5+ 42. Kd3 Rd5+ 43. Ke3 Rc5 44. Rb2 Rc3+ 45. Kd4 Rc1 46. g3 Rd1+ 47. Ke4 Re1+ 48. Kd3 Rd1+ 49. Ke2 Rh1 50. Kd3 Rd1+ 51. Kc4 Rc1+ 52. Kb4 Kb6 53. Rd2 a5+ 54. Ka4 Rc4+ 55. Kb3 Rc7 56. Rd6+ Kb5 57. a4+ Kc5 58. Ra6 Rb7+ 59. Ka3 Kc4 60. Rxa5 Rb3+ 61. Ka2 Rf3 62. Ra7 Rf2+ 63. Ka3 Rf3+ 64. Kb2 Rf2+ 65. Kc1 Rxh2 66. Rxf7 Kc3 67. Rc7+ Kb3 68. a5 Rg2 69. Rxg7 Kc3 70. Rc7+ Kb3 71. a6 Rg1+ 72. Kd2 Ra1 73. a7 Kb4 74. Ke3 Kb5 75. Kf3 Kb6 76. Re7 Kc5 77. Kg4 Kd5 78. Kh5 Ke4 79. Kxh6 Kf5 80. Rf7+ Kg4 81. Kg6 Kxg3 82. Kf6 Kxf4 83. Kxe6+ Ke4 84. Rb7 Ra6+ 85. Kd7 Kxe5 86. Kc8 Rh6 87. Rc7 Kd5 88. Kb8 Rb6+ 89. Rb7 1-0


[Site "https://www.chess.com"]

[Event "Titled Tuesday Blitz February 21 Early 2023"]
[White "Manelyuk, Daniil"]
[Black "Torres Boch, Jose Francisco"]
[WhiteFideId "44173920"]
[BlackFideId "2278383"]
[WhiteElo "2302"]
[BlackElo "2180"]
[Result "0-1"]
[Round "02"]
[TimeControl "180+2"]
[Date "2023.02.21"]
[WhiteClock "0:00:01"]
[BlackClock "0:00:13"]

1. e4 c5 2. Nf3 d6 3. d4 cxd4 4. Nxd4 Nf6 5. Nc3 a6 6. f3 e5 7. Nb3 Be6 8. Be3 Be7 9. Qd2 h5 10. Be2 Nbd7 11. Nd5 Bxd5 12. exd5 b5 13. Na5 Nb6 14. Nc6 Qc7 15. c4 bxc4 16. Nxe7 Kxe7 17. O-O Nbxd5 18. Bg5 Qc5+ 19. Kh1 c3 20. bxc3 Rab8 21. c4 Nb4 22. Rfd1 Nc6 23. Be3 Qb4 24. Qd3 e4 25. fxe4 Ne5 26. Qd4 Nfg4 27. Bxg4 hxg4 28. Bf4 Rh5 29. a3 Qc5 30. Qxc5 dxc5 31. Rd5 f6 32. Rxc5 Rb2 33. Rd1 Kf7 34. Bxe5 Rxe5 35. Rc7+ Kg6 36. h4 Rxe4 37. Rdd7 Kf5 38. Rxg7 Ree2 39. Rc5+ Kf4 40. Rc6 Kg3 41. Rxf6 Re1+ 42. Rf1 Rxf1# 0-1


[Site "https://www.chess.com"]

[Event "Titled Tuesday Blitz February 21 Early 2023"]
[White "Novikova, Galina"]
[Black "Ambartsumova, Karina"]
[WhiteFideId "4157095"]
[BlackFideId "4166299"]
[WhiteElo "2073"]
[BlackElo "2393"]
[Result "0-1"]
[Round "02"]
[TimeControl "180+2"]
[Date "2023.02.21"]
[WhiteClock "0:01:28"]
[BlackClock "0:01:22"]

1. e4 e5 2. Nf3 d5 3. Nxe5 Bd6 4. d4 dxe4 5. Nc4 Nf6 6. Nc3 O-O 7. Bg5 Bf5 8. Ne3 Bg6 9. Qd2 Be7 10. O-O-O Nc6 11. Be2 a6 12. h4 h6 13. h5 Bh7 14. Bf4 b5 15. g4 b4 16. Na4 Nd5 17. Nxd5 Qxd5 18. Kb1 Bf6 19. Be3 Rfd8 20. c4 bxc3 21. Nxc3 Qa5 22. g5 Bxg5 23. Rhg1 Nxd4 24. Bxg5 e3+ 25. Qd3 Bxd3+ 26. Bxd3 hxg5 27. fxe3 Nf3 28. Rg3 Ne1 29. Rxe1 Rxd3 30. Reg1 f6 31. h6 gxh6 32. Rf3 Rxc3 33. bxc3 Qxc3 0-1


[Site "https://www.chess.com"]

[Event "Titled Tuesday Blitz February 21 Early 2023"]
[White "Petrova, Irina"]
[Black "Fiorito, Francisco"]
[WhiteFideId "14124122"]
[BlackFideId "180165"]
[WhiteElo "2108"]
[BlackElo "2305"]
[Result "0-1"]
[Round "02"]
[TimeControl "180+2"]
[Date "2023.02.21"]
[WhiteClock "0:00:03"]
[BlackClock "0:00:19"]

1. e4 c5 2. Nf3 Nc6 3. Bb5 g6 4. Bxc6 dxc6 5. d3 Bg7 6. Nc3 Qc7 7. Be3 b6 8. O-O e5 9. a3 h6 10. b4 cxb4 11. axb4 Ne7 12. Na4 Rb8 13. Nb2 Be6 14. Ra3 O-O 15. Qa1 Nc8 16. Nc4 f6 17. Nfd2 Qf7 18. f4 exf4 19. Bxf4 Rb7 20. Nd6 Nxd6 21. Bxd6 Rd8 22. Bg3 Qe7 23. Qc3 Bg4 24. Rfa1 f5 25. e5 g5 26. Nc4 f4 27. Bf2 Be6 28. Nd6 Qxd6 29. exd6 Bxc3 30. Rxc3 Rxd6 31. Rca3 Rdd7 32. Kf1 Kf7 33. g3 Bh3+ 34. Kg1 fxg3 35. Bxg3 Re7 36. d4 Be6 37. Be5 Kg6 38. Rf1 Rf7 39. Raf3 Rxf3 40. Rxf3 Bf5 41. Rc3 Be4 42. Kf2 Bd5 43. Kg3 h5 44. h4 g4 45. Ra3 Bc4 46. Ra1 Rf7 47. Bf4 a6 48. Re1 Bd5 49. Re5 Rf5 50. Rxf5 Kxf5 51. Bc7 b5 52. c3 Ke4 53. Bd6 Kd3 54. Bc5 Kxc3 55. Kf4 Bf3 56. Ke3 Kb3 57. Kf4 Ka4 58. Ke3 a5 59. bxa5 Kxa5 60. Kd2 b4 61. Kc2 Kb5 62. Bd6 Kc4 63. Be5 Be4+ 64. Kb2 Bd5 65. Kc2 b3+ 66. Kb2 Kd3 67. Kc1 Ke2 68. Kb2 Kf2 69. Kc3 g3 0-1


[Site "https://www.chess.com"]

[Event "Titled Tuesday Blitz February 21 Early 2023"]
[White "Todev, Simeon"]
[Black "Fries-Nielsen, Jens Ove"]
[WhiteFideId "2925133"]
[BlackFideId "1400142"]
[WhiteElo "2033"]
[BlackElo "2377"]
[Result "1-0"]
[Round "02"]
[TimeControl "180+2"]
[Date "2023.02.21"]
[WhiteClock "0:01:04"]
[BlackClock "0:01:24"]

1. e4 c5 2. Nf3 Nc6 3. c3 e6 4. d4 d5 5. e5 Qb6 6. Bd3 Nh6 7. O-O cxd4 8. cxd4 Nf5 9. Bxf5 exf5 10. Nc3 Be6 11. Be3 Be7 12. Qd3 h6 13. b3 g5 14. Na4 Qc7 15. Rac1 f4 16. Bd2 Qd7 17. Nc5 Bxc5 18. Rxc5 g4 19. Nh4 f3 20. g3 O-O-O 21. Rfc1 Kb8 22. b4 Rc8 23. b5 Ne7 24. Bb4 Nf5 25. Nxf5 Bxf5 26. Qa3 b6 27. Rc6 Be6 28. Bd6+ Ka8 29. Rc7 1-0


[Site "https://www.chess.com"]

[Event "Titled Tuesday Blitz February 21 Early 2023"]
[White "Melian, Juan Sebastian"]
[Black "Lorenzo De La Riva, Lazaro"]
[WhiteFideId "3706575"]
[BlackFideId "2268809"]
[WhiteElo "2293"]
[BlackElo "2404"]
[Result "1-0"]
[Round "02"]
[TimeControl "180+2"]
[Date "2023.02.21"]
[WhiteClock "0:00:14"]
[BlackClock "0:00:15"]

1. d4 Nf6 2. c4 c5 3. d5 b5 4. Qc2 b4 5. e4 d6 6. f4 g6 7. Nf3 Bg7 8. Bd3 O-O 9. O-O e6 10. Nbd2 a5 11. Re1 a4 12. dxe6 Bxe6 13. e5 Nh5 14. Ne4 dxe5 15. fxe5 Nd7 16. Bg5 Qc7 17. Be7 Nxe5 18. Bxf8 Nxf3+ 19. gxf3 Kxf8 20. Ng5 Bd4+ 21. Kh1 Bd7 22. Be4 Rd8 23. Bd5 Bc6 24. Qe4 Bxd5 25. cxd5 h6 26. Nh3 a3 27. Rad1 axb2 28. Rxd4 cxd4 29. Qxd4 Qc3 30. Qd1 Nf6 31. Nf2 Rxd5 32. Qe2 Re5 33. Ne4 Nxe4 34. fxe4 Qd4 35. Qf3 Kg7 36. Rf1 Qd7 37. Qf6+ Kh7 38. Qxe5 Qe6 39. Qxe6 fxe6 40. Rb1 Kg8 41. Rxb2 Kg7 42. Rxb4 Kf7 43. Rb5 Kf6 44. Kg2 Ke7 45. Kf3 Kf6 46. a4 Kf7 47. a5 Kf6 48. a6 Kf7 49. a7 Kf6 50. a8=Q e5 51. Qc6+ Kg5 52. Rb7 Kh5 53. Rg7 g5 54. Qg6+ Kh4 55. Qxh6# 1-0


[Site "https://www.chess.com"]

[Event "Titled Tuesday Blitz February 21 Early 2023"]
[White "Goldin, Alexander"]
[Black "Smith, Garrett L"]
[WhiteFideId "2019540"]
[BlackFideId "2024829"]
[WhiteElo "2542"]
[BlackElo "2047"]
[Result "1-0"]
[Round "02"]
[TimeControl "180+2"]
[Date "2023.02.21"]
[WhiteClock "0:00:06"]
[BlackClock "0:00:13"]

1. d4 Nf6 2. c4 g6 3. g3 c6 4. Bg2 d5 5. Nf3 Bg7 6. O-O O-O 7. Qb3 a5 8. cxd5 a4 9. Qd1 cxd5 10. Nc3 Qa5 11. Bd2 a3 12. b3 Nc6 13. Rc1 Qd8 14. Bf4 Ne4 15. Ne5 Nxc3 16. Rxc3 Qb6 17. Bxd5 Qxd4 18. Rd3 Qc5 19. Be3 Qb5 20. Nxc6 bxc6 21. Bc4 Qb7 22. Bc5 Bf5 23. Rd2 Bh3 24. Re1 Bc3 25. Qc2 Bxd2 26. Qxd2 Rad8 27. Qh6 Bc8 28. Bxa3 Rfe8 29. Bb2 e5 30. h4 Qe7 31. h5 Qf8 32. Qg5 Be6 33. Bxe6 Rxe6 34. Qe3 Qe7 35. Rc1 e4 36. Kg2 f6 37. Bd4 g5 38. h6 Rd5 39. a4 Kf7 40. Rc4 Kg6 41. Qc3 f5 42. a5 f4 43. a6 f3+ 44. exf3 exf3+ 45. Kxf3 Rf5+ 46. Kg2 c5 47. Be3 Rxa6 48. Qc2 Qb7+ 49. Kh2 Kf6 50. Rxc5 Rxc5 51. Qxc5 Qe4 52. Qxg5+ Kf7 53. Qg7+ Ke8 54. Qg8+ Kd7 55. Qf7+ Kc6 56. Bf4 Qd5 57. Qc7+ Kb5 58. Qc3 Rc6 59. Qe3 Ka6 60. Qe2+ Kb6 61. Be3+ Kb7 62. b4 Qd6 63. Qg4 Qg6 64. Qxg6 Rc7 65. Qg7 1-0


[Site "https://www.chess.com"]

[Event "Titled Tuesday Blitz February 21 Early 2023"]
[White "Rios Escobar, Adan"]
[Black "Orzech, Dominik"]
[WhiteFideId "3403645"]
[BlackFideId "1115065"]
[WhiteElo "2234"]
[BlackElo "2308"]
[Result "1/2-1/2"]
[Round "02"]
[TimeControl "180+2"]
[Date "2023.02.21"]
[WhiteClock "0:00:07"]
[BlackClock "0:02:01"]

1. d4 Nf6 2. g3 c5 3. d5 g6 4. c4 Bg7 5. Nc3 e6 6. Nf3 exd5 7. cxd5 d6 8. Bg2 O-O 9. O-O a6 10. a4 Nbd7 11. Re1 Re8 12. h3 Rb8 13. Bf4 Qe7 14. e4 Nh5 15. Bg5 Bf6 16. Bxf6 Qxf6 17. Bf1 Ne5 18. Nxe5 Qxe5 19. Qf3 Bd7 20. a5 b5 21. axb6 Rxb6 22. Nd1 Bb5 23. Qc3 Nf6 24. Qxe5 Rxe5 25. Nc3 Bxf1 26. Kxf1 Kf8 27. f4 Re8 28. Ra2 Reb8 29. e5 Ne8 30. Re2 h5 31. Ne4 Ke7 32. Kf2 Kd7 33. Ke3 Rb3+ 34. Kf2 R8b6 35. exd6 R3b5 36. Rc2 Nxd6 37. Nxc5+ Ke7 38. Nxa6 Ne4+ 39. Ke3 Nf6 40. Nc7 Nxd5+ 41. Nxd5+ Rxd5 42. Ra7+ Ke6 43. Rcc7 Rb3+ 44. Rc3 Rxb2 45. Rc6+ Rd6 46. Rxd6+ Kxd6 47. Rxf7 Ke6 48. Rg7 Rb3+ 49. Kf2 Kf5 50. Rf7+ Ke6 51. Rf8 Rb2+ 52. Kf3 Rb3+ 53. Kf2 Rb2+ 54. Kf3 Rb3+ 55. Kg2 Rb2+ 56. Kg1 Rb3 57. Kh2 Rb2+ 58. Kh1 Rb3 59. Kg2 Rb2+ 60. Kf3 1/2-1/2


[Site "https://www.chess.com"]

[Event "Titled Tuesday Blitz February 21 Early 2023"]
[White "Kotepalli, Sai Nirupama"]
[Black "Martynov, Pavel"]
[WhiteFideId "5039444"]
[BlackFideId "4101260"]
[WhiteElo "1910"]
[BlackElo "2414"]
[Result "0-1"]
[Round "02"]
[TimeControl "180+2"]
[Date "2023.02.21"]
[WhiteClock "0:01:45"]
[BlackClock "0:01:00"]

1. e4 c5 2. Nf3 e6 3. d3 d5 4. Nbd2 Nf6 5. g3 Be7 6. Bg2 O-O 7. O-O Nc6 8. e5 Nd7 9. Qe2 Qc7 10. Re1 b5 11. c3 a5 12. Nf1 Ba6 13. h4 b4 14. Bf4 a4 15. Ne3 a3 16. bxa3 bxc3 17. Nxd5 exd5 18. e6 Bd6 19. Bxd6 Qxd6 20. exd7 Qxd7 21. Ne5 Nxe5 22. Qxe5 c2 23. Qc3 Qf5 24. Qxc2 c4 25. Qc3 cxd3 26. Re5 Qf6 27. Bxd5 Rac8 28. Qd4 d2 29. Re4 Rc1+ 0-1


[Site "https://www.chess.com"]

[Event "Titled Tuesday Blitz February 21 Early 2023"]
[White "Ingebretsen, Jens E"]
[Black "Gerbelli Neto, Eduardo"]
[WhiteFideId "1522965"]
[BlackFideId "2103281"]
[WhiteElo "2342"]
[BlackElo "2114"]
[Result "1-0"]
[Round "02"]
[TimeControl "180+2"]
[Date "2023.02.21"]
[WhiteClock "0:00:54"]
[BlackClock "0:00:04"]

1. d4 d5 2. c4 c6 3. Nc3 Nf6 4. e3 e6 5. Nf3 Nbd7 6. Be2 dxc4 7. a4 Bb4 8. O-O O-O 9. Bxc4 Qe7 10. Qe2 e5 11. dxe5 Nxe5 12. Nxe5 Qxe5 13. Bd2 Bg4 14. f3 Bd6 15. g3 Bh3 16. Rf2 Rfe8 17. Re1 Bc5 18. f4 Qe7 19. e4 Ng4 20. Nd1 Rad8 21. b4 Nxf2 22. Nxf2 Bxb4 23. Bxb4 Qxb4 24. Nxh3 Rd2 25. Bxf7+ Kxf7 26. Ng5+ Kf8 27. Qh5 Qc5+ 28. Kh1 Qe7 29. Qxh7 Qf6 30. e5 Qh6 31. Qf5+ Ke7 32. Qf7+ Kd8 33. h4 1-0


[Site "https://www.chess.com"]

[Event "Titled Tuesday Blitz February 21 Early 2023"]
[White "Tsyhanchuk, Stanislav"]
[Black "Hristodoulou, Panagiotis"]
[WhiteFideId "13505130"]
[BlackFideId "4214340"]
[WhiteElo "2273"]
[BlackElo "2372"]
[Result "0-1"]
[Round "02"]
[TimeControl "180+2"]
[Date "2023.02.21"]
[WhiteClock "0:00:04"]
[BlackClock "0:00:12"]

1. c4 e6 2. Nc3 d5 3. e3 Nf6 4. Nf3 b6 5. b3 Bb7 6. Bb2 Nbd7 7. Qc2 a6 8. Be2 Bd6 9. O-O O-O 10. Rac1 Re8 11. d4 Rc8 12. Rfd1 Qe7 13. Qb1 Bb4 14. Qa1 Bxc3 15. Bxc3 Ne4 16. Bb2 Nf8 17. a4 a5 18. Ba3 Qf6 19. Bf1 Ng6 20. Qa2 c5 21. Bb2 Qe7 22. dxc5 bxc5 23. Ne5 Qg5 24. f4 Qh5 25. Ba1 Nxe5 26. Bxe5 Red8 27. Be2 Qg6 28. Bf3 Rd7 29. Qb1 f5 30. Qd3 Rcd8 31. Qe2 dxc4 32. Rxd7 Rxd7 33. Qxc4 h6 34. Qb5 Qe8 35. Rd1 Rxd1+ 36. Bxd1 Qxb5 37. axb5 Kf8 38. Be2 g5 39. Bc4 Ke7 40. g3 g4 41. Kf1 h5 42. Ke2 Kd7 43. Kd3 Bd5 44. Ke2 Kc8 45. Kd3 Kb7 46. Ke2 Kb6 47. Bg7 Nd6 48. Kd3 Nxb5 49. Bxd5 exd5 50. Bf8 Kc6 51. Be7 Nd6 52. Bh4 Ne4 53. Bd8 Kb5 54. Kc2 a4 55. bxa4+ Kxa4 56. Kd3 Kb3 57. Bb6 Kb4 58. Bc7 Nc3 59. Be5 Nb5 60. Bg7 c4+ 61. Kd2 Kb3 62. Kc1 c3 63. Bf6 Na3 64. Bg7 Kc4 65. Bf6 Kd3 66. Bd4 Nc4 67. Bc5 Nxe3 68. Be7 d4 69. Bf6 Kc4 70. Be5 d3 71. Bf6 d2+ 72. Kb1 Kb3 73. Bxc3 d1=Q# 0-1


[Site "https://www.chess.com"]

[Event "Titled Tuesday Blitz February 21 Early 2023"]
[White "Leenhouts, Koen"]
[Black "Toktomushev, Teimur"]
[WhiteFideId "1008439"]
[BlackFideId "14176726"]
[WhiteElo "2447"]
[BlackElo "2239"]
[Result "0-1"]
[Round "02"]
[TimeControl "180+2"]
[Date "2023.02.21"]
[WhiteClock "0:00:06"]
[BlackClock "0:00:08"]

1. e4 c5 2. Nf3 e6 3. d4 cxd4 4. Nxd4 a6 5. Bd3 Bc5 6. Nb3 Ba7 7. O-O Nc6 8. Nc3 Nf6 9. Qe2 d6 10. Be3 O-O 11. Rad1 b5 12. a3 Bb7 13. f4 Qe7 14. Bxa7 Rxa7 15. Kh1 Nd7 16. Qe3 Raa8 17. Nd4 Rac8 18. Nxc6 Bxc6 19. e5 dxe5 20. fxe5 Qc5 21. Qh3 g6 22. Rf4 Nxe5 23. Be4 Rfd8 24. Rdf1 f5 25. Bxc6 Rxc6 26. Qh4 Rcd6 27. h3 Rd2 28. Qh6 Qc6 29. Ne4 Rxc2 30. Rh4 Rd7 31. Nf6+ Kf7 32. Ne4 Kg8 33. Qf4 Nd3 34. Qb8+ Kg7 35. Rg4 Rf7 36. Ng5 fxg4 37. Rxf7+ Kh6 38. Rxh7+ Kxg5 39. Qd8+ Kf4 40. Qf6+ Ke3 41. Qg5+ Ke2 42. Qxg4+ Ke1 43. Qg3+ Kd1 44. Qxd3+ Rd2 45. Qf1+ Kc2 46. Qf3 Qxf3 47. gxf3 Kxb2 48. Rg7 Kxa3 49. Rxg6 b4 50. Rxe6 a5 51. Ra6 a4 52. h4 b3 53. h5 b2 54. Rb6 Rd1+ 55. Kg2 b1=Q 56. Kg3 Qxb6 0-1


[Site "https://www.chess.com"]

[Event "Titled Tuesday Blitz February 21 Early 2023"]
[White "Karas, Marek"]
[Black "Alice, Mateus Felizardo Viageiro"]
[WhiteFideId "14928558"]
[BlackFideId "14800047"]
[WhiteElo "2227"]
[BlackElo "2202"]
[Result "0-1"]
[Round "02"]
[TimeControl "180+2"]
[Date "2023.02.21"]
[WhiteClock "0:00:20"]
[BlackClock "0:00:17"]

1. g3 Nf6 2. Bg2 d5 3. Nf3 g6 4. O-O Bg7 5. d4 O-O 6. c4 c5 7. cxd5 Qxd5 8. Nc3 Qh5 9. d5 Bh3 10. Bxh3 Qxh3 11. Ng5 Qc8 12. e4 h6 13. Nf3 Qh3 14. Qe2 Nbd7 15. Re1 Ng4 16. Qf1 Qh5 17. h3 Nge5 18. Nh2 c4 19. g4 Qh4 20. Bf4 f5 21. Bg3 Qf6 22. f4 Nd3 23. e5 Qb6+ 24. Bf2 Qxb2 25. Bd4 Nxe1 26. Rxe1 fxg4 27. Ne2 Qxa2 28. hxg4 Qb3 29. Rb1 Qd3 30. Rxb7 Nb6 31. d6 exd6 32. Nf3 dxe5 33. Bxe5 Bxe5 34. Nxe5 Qd5 35. Rc7 Qe4 0-1


[Site "https://www.chess.com"]

[Event "Titled Tuesday Blitz February 21 Early 2023"]
[White "Fajdetic, Hrvoje"]
[Black "Arencibia Monduy, Antonio"]
[WhiteFideId "14501945"]
[BlackFideId "3507939"]
[WhiteElo "2151"]
[BlackElo "2122"]
[Result "1-0"]
[Round "02"]
[TimeControl "180+2"]
[Date "2023.02.21"]
[WhiteClock "0:00:09"]
[BlackClock "0:00:03"]

1. d4 Nf6 2. Bf4 e6 3. e3 d5 4. Nf3 Ne4 5. Nbd2 f5 6. g4 Nxd2 7. Qxd2 Bd6 8. Ne5 O-O 9. gxf5 exf5 10. Rg1 Kh8 11. c4 c6 12. c5 Bc7 13. O-O-O Nd7 14. Nd3 Bxf4 15. Nxf4 Nf6 16. f3 Qe7 17. Bd3 Bd7 18. Rde1 Rae8 19. Rg3 b6 20. cxb6 axb6 21. Qg2 c5 22. dxc5 bxc5 23. Qh3 Kg8 24. Bxf5 Bxf5 25. Qxf5 d4 26. e4 c4 27. Reg1 Rf7 28. Nd5 Nxd5 29. Qxd5 Kh8 30. Qxd4 Rc8 31. Qc3 Qa7 32. Kb1 Ra8 33. a3 Rb8 34. h4 h6 35. Rg6 Kh7 36. h5 Qb7 37. R1g2 Rd7 38. Rg1 Rbd8 39. Qc2 Rd3 40. f4 R8d7 41. e5 c3 42. e6 Rd2 43. Rxg7+ Kh8 44. Qh7# 1-0


[Site "https://www.chess.com"]

[Event "Titled Tuesday Blitz February 21 Early 2023"]
[White "Ezat, Mohamed"]
[Black "Vaglio Munoz, Jaime"]
[WhiteFideId "10600906"]
[BlackFideId "6500145"]
[WhiteElo "2402"]
[BlackElo "2174"]
[Result "0-1"]
[Round "02"]
[TimeControl "180+2"]
[Date "2023.02.21"]
[WhiteClock "0:00:32"]
[BlackClock "0:01:39"]

1. d4 c6 2. c4 b5 3. e3 bxc4 4. Bxc4 Ba6 5. Bxa6 Qa5+ 6. Nc3 Qxa6 7. Nge2 Nf6 8. O-O d5 9. Nf4 e6 10. Nd3 Bd6 11. b4 O-O 12. Qb3 Nbd7 13. b5 cxb5 14. Qxb5 Qc8 15. Qa5 Qc4 16. Rd1 Rfc8 17. Nb5 Be7 18. Ba3 Bd8 19. Qa6 Rc6 20. Qb7 Rb8 21. Qxa7 Qxb5 22. Ne5 Ra6 23. Rab1 Rxa7 0-1


[Site "https://www.chess.com"]

[Event "Titled Tuesday Blitz February 21 Early 2023"]
[White "mohsengabr2002"]
[Black "Ljukin, Sergei"]
[BlackFideId "14102200"]
[WhiteElo "2324"]
[BlackElo "2362"]
[Result "1-0"]
[Round "02"]
[TimeControl "180+2"]
[Date "2023.02.21"]
[WhiteClock "0:01:17"]
[BlackClock "0:00:20"]

1. b3 e5 2. e3 Nc6 3. Bb2 Nf6 4. Bb5 Bd6 5. g4 a6 6. Bf1 h6 7. h4 Be7 8. Bh3 d5 9. Qf3 e4 10. Qg2 g5 11. a3 Be6 12. f4 exf3 13. Nxf3 Qd7 14. hxg5 hxg5 15. Nxg5 O-O-O 16. Nxe6 fxe6 17. g5 Rhg8 18. Nc3 d4 19. exd4 Nxd4 20. O-O-O Nh5 21. g6 Nf4 22. Qf2 Nxh3 23. Rxh3 Rxg6 24. Rd3 Bc5 25. Kb1 Qc6 26. Qf7 Rgg8 27. Na4 Ba7 28. Bxd4 Bxd4 29. Rxd4 Rdf8 30. Qh7 1-0


[Site "https://www.chess.com"]